 Dungeon Crawl Stone Soup version 0.16.2-12-gd0ad4c3 (webtiles) character file.

903 Biscainer the Shield-Bearer (level 7, -5/61 HPs)
             Began as a Minotaur Fighter on Oct 20, 2015.
             Was a Believer of Elyvilon.
             Killed from afar by an electric eel (13 damage)
             ... with a bolt of electricity
             ... on level 6 of the Dungeon.
             The game lasted 00:27:55 (4426 turns).

Biscainer the Shield-Bearer (Minotaur Fighter)      Turns: 4426, Time: 00:27:55

Health: -5/61      AC: 10    Str: 23    XL:     7   Next: 80%
Magic:  3/3        EV: 10    Int:  5    God:    Elyvilon [**....]
Gold:   260        SH: 10    Dex:  9    Spells: 0 memorised, 6 levels left

rFire  . . .     SeeInvis +     o - +2 hand axe (elec)
rCold  . . .     Clarity  .     l - +0 scale mail
rNeg   . . .     SustAb   .     c - +0 shield
rPois  .         Gourm    .     (helmet restricted)
rElec  .         Spirit   .     (no cloak)
rCorr  .         Warding  .     (no gloves)
rMut   .         Stasis   .     i - +2 pair of boots
MR     .....                    (no amulet)
Stlth  ..........               h - ring of wizardry
                                g - ring of see invisible

@: not resistant to hostile enchantments, extremely unstealthy
A: retaliatory headbutt, horns 2, mutation resistance 1
a: Lesser Healing, Divine Protection, Heal Other, Renounce Religion


You were on level 6 of the Dungeon.
You worshipped Elyvilon.
Elyvilon was pleased with you.
You were not hungry.

You visited 1 branch of the dungeon, and saw 6 of its levels.

You collected 260 gold pieces.

Inventory:

Hand weapons
 o - a +2 hand axe of electrocution (weapon)
Missiles
 k - 9 poisoned needles
Armour
 c - a +0 shield (worn)
 i - a +2 pair of boots (worn)
 l - a +0 scale mail (worn)
Jewellery
 g - a ring of see invisible (left hand)
 h - a ring of wizardry (right hand)
 m - an uncursed ring of teleport control
Scrolls
 f - a scroll of fear
 n - a scroll of remove curse
 r - 2 scrolls of identify
Potions
 a - a potion of magic
 e - a potion of might
 s - a potion of restore abilities
Comestibles
 b - a meat ration
 d - 5 bread rations
 j - 4 fruits
 p - a beef jerky


   Skills:
 - Level 5.5 Fighting
   Level 0.7 Short Blades
 + Level 3.9 Axes
 - Level 5.5 Armour
 - Level 5.7 Dodging
 - Level 0.3 Stealth
 - Level 6.0 Shields


You had 6 spell levels left.
You didn't know any spells.

Dungeon Overview and Level Annotations

Branches:
Dungeon (6/15)             Temple (0/1) D:6

Altars:
Cheibriados
Dithmenos
Elyvilon
Nemelex Xobeh
Ru
Trog

Shops:
D:5 %   D:6 %??

Annotations:
D:5 Prince Ribbit


Innate Abilities, Weirdness & Mutations

You reflexively headbutt those who attack you in melee.
You have a pair of horns on your head.
You are somewhat resistant to further mutation.


Message History

You open the door.
There is an open door here.
Found Suvawada's Food Boutique.
The electric eel shoots out a bolt of lightning at you!
The bolt of electricity hits you!
Found a stone staircase leading down.
There is a fountain of clear blue water here.
There is an entrance to Suvawada's Food Boutique here.
You can now heal and attempt to pacify others.
A water moccasin comes into view.
The electric eel shoots out a bolt of lightning at you!
The bolt of electricity hits you!
* * * LOW HITPOINT WARNING * * *
There is a stone staircase leading down here.
The electric eel shoots out a bolt of lightning at you!
The bolt of electricity hits you!
* * * LOW HITPOINT WARNING * * *
The electric eel shoots out a bolt of lightning at you!
The bolt of electricity hits you!
You die...

#######≈≈.≈≈.#####
#.##.##....#......
#....##.....#.##.. .
#....##.....#.#... ...
#.⌠.⌠............. ....
#..∩.####.#.#.#### ....[
##⌠.⌠#..≈.....#
#......###.##..;≈...#####
#......S@.>...≈≈≈........
######.######.≈≈≈......##
# ..≈≈≈≈.......
...≈..P....## .#####....#
.......# .......##
.......# .#######


You could see a water moccasin and an electric eel.

Vanquished Creatures
  A wyvern (D:5)
  2 phantoms (D:5)
  A sky beast (D:5)
  A gnoll sergeant (D:4)
  A scorpion (D:6)
  A jelly (D:6)
  2 orc priests (D:5)
  A giant frog skeleton (D:6)
  2 hounds
  A worker ant (D:5)
  Terence (D:2)
  A worker ant zombie (D:6)
  5 adders
  4 gnolls (D:4)
  A worm (D:2)
  A shadow imp (D:5)
  An adder zombie (D:6)
  2 giant geckos
  2 oozes (D:2)
  2 orcs (D:5)
  12 bats
  A bat zombie (D:6)
  2 giant cockroaches
  7 hobgoblins
  6 kobolds
  4 quokkas
  3 giant newts
  9 goblins
  4 jackals (D:4)
  10 rats
91 creatures vanquished.

Vanquished Creatures (others)
  A hound zombie (D:6)
1 creature vanquished.

Grand Total: 92 creatures vanquished

Notes
Turn   | Place    | Note
--------------------------------------------------------------
     0 | D:1      | Biscainer, the Minotaur Fighter, began the quest for the Orb.
     0 | D:1      | Reached XP level 1. HP: 19/19 MP: 1/1
    73 | D:1      | Reached skill level 4 in Fighting
   221 | D:1      | Reached XP level 2. HP: 22/27 MP: 1/1
   533 | D:1      | Reached skill level 1 in Dodging
   860 | D:2      | Reached XP level 3. HP: 31/35 MP: 2/2
  1025 | D:2      | Noticed Terence
  1032 | D:2      | Killed Terence
  1032 | D:2      | Reached skill level 5 in Fighting
  1277 | D:2      | Reached XP level 4. HP: 42/42 MP: 2/2
  1786 | D:3      | Found a shadowy altar of Dithmenos.
  1977 | D:3      | Found a snail-covered altar of Cheibriados.
  2196 | D:3      | Gained mutation: You are somewhat resistant to further mutation. [potion of beneficial mutation]
  2328 | D:4      | Found a white marble altar of Elyvilon.
  2383 | D:4      | Became a worshipper of Elyvilon the Healer
  2636 | D:4      | Reached XP level 5. HP: 46/48 MP: 2/2
  2712 | D:5      | Entered Level 5 of the Dungeon
  2860 | D:5      | Noticed a phantom
  2917 | D:5      | Killed a phantom
  2917 | D:5      | Reached skill level 5 in Dodging
  2917 | D:5      | Reached XP level 6. HP: 23/56 MP: 3/3
  3075 | D:5      | Found Xuiv's Food Shoppe.
  3076 | D:5      | Acquired Elyvilon's first power
  3076 | D:5      | Noticed a sky beast
  3081 | D:5      | Killed a sky beast
  3135 | D:5      | Noticed Prince Ribbit
  3204 | D:5      | Noticed a phantom
  3213 | D:5      | Killed a phantom
  3213 | D:5      | Reached skill level 5 in Armour
  3213 | D:5      | Reached XP level 7. HP: 49/61 MP: 3/3
  3430 | D:5      | Noticed a wyvern
  3440 | D:5      | Killed a wyvern
  3440 | D:5      | Reached skill level 5 in Shields
  3787 | D:6      | Reached skill level 6 in Shields
  3803 | D:6      | Found Kako's Magic Scroll Emporium.
  3846 | D:6      | Found Anatz's Magic Scroll Shop.
  4156 | D:6      | Found a staircase to the Ecumenical Temple.
  4362 | D:6      | Found a sacrificial altar of Ru.
  4382 | D:6      | Found a bloodstained altar of Trog.
  4382 | D:6      | Found a sparkling altar of Nemelex Xobeh.
  4412 | D:6      | Found Suvawada's Food Boutique.
  4423 | D:6      | Acquired Elyvilon's second power
  4426 | D:6      | Killed from afar by an electric eel

Action                   |  1- 3 |  4- 6 |  7- 9 || total
-------------------------+-------+-------+-------++-------
Melee: War axe           |    56 |       |       ||    56
       Short sword       |    58 |    42 |       ||   100
       Hand axe          |       |    68 |    60 ||   128
  Use: Scroll            |     3 |     6 |     3 ||    12
       Potion            |     2 |     7 |     1 ||    10
  Eat: Chunk             |     1 |     6 |       ||     7
       Meat ration       |       |     1 |       ||     1
